 Dungeon Crawl Stone Soup version 0.28-a0-1518-gbe868bca14 (webtiles) character file.

Game seed: 6717139812466635749

2034 sanka the Thaumaturge (level 9, -1/65 HPs)
             Began as a Gnoll Wanderer on Jan 16, 2022.
             Was an Initiate of Ashenzari.
             Slain by a centaur warrior zombie (5 damage)
             ... on level 7 of the Dungeon.
             The game lasted 00:14:31 (8306 turns).

sanka the Thaumaturge (Gnoll Wanderer)              Turns: 8306, Time: 00:14:31

Health: -1/65      AC:  3    Str: 18    XL:     9   Next: 24%
Magic:  21/25      EV: 13    Int: 16    God:    Ashenzari [......]
Gold:   475        SH:  0    Dex: 11    Spells: 29/32 levels left

rFire   . . .      SeeInvis .   u - +3 hand axe (drain)
rCold   . . .      Faith    .   (no shield)
rNeg    . . .      Spirit   .   v - +0 robe
rPois   .          Reflect  .   j - +0 helmet
rElec   .          Harm     .   y - scarf {+Inv}
rCorr   .          Rampage  .   (no gloves)
Will    .....                   (no boots)
Stlth   ++........              (no amulet)
HPRegen 0.20/turn               q - +6 ring of strength
MPRegen 0.19/turn               (no ring)

@: no status effects
A: fangs 1, strong nose, distributed training
a: Renounce Religion, Evoke Invisibility, Curse Item


You were on level 7 of the Dungeon.
You worshipped Ashenzari.
Ashenzari was noncommittal.
You visited 2 branches of the dungeon, and saw 8 of its levels.

You collected 475 gold pieces.


Innate Abilities, Weirdness & Mutations

You have very sharp teeth.
Your uncanny sense of smell can sniff out nearby items.
Your experience applies equally to all skills.


   Skills:
 + Level 4.0 Fighting
 + Level 4.0 Short Blades
 + Level 4.0 Long Blades
 + Level 4.0 Axes
 + Level 4.0 Maces & Flails
 + Level 4.0 Polearms
 + Level 4.0 Staves
 + Level 4.0 Slings
 + Level 4.0 Bows
 + Level 4.0 Crossbows
 + Level 4.0 Throwing
 + Level 4.0 Armour
 + Level 4.0 Dodging
 + Level 4.0 Stealth
 + Level 4.0 Shields
 + Level 4.0 Unarmed Combat
 + Level 12.0 Spellcasting
 + Level 4.0 Conjurations
 + Level 3.3 Hexes
 + Level 3.3 Summonings
 + Level 3.3 Necromancy
 + Level 3.3 Translocations
 + Level 3.3 Transmutations
 + Level 3.3 Fire Magic
 + Level 3.3 Ice Magic
 + Level 3.3 Air Magic
 + Level 3.3 Earth Magic
 + Level 3.3 Poison Magic
 + Level 5.2 Invocations
 + Level 6.2 Evocations


You had 29 spell levels left.
You knew the following spells:

 Your Spells              Type           Power      Damage    Failure   Level
b - Blink                 Tloc           40%        N/A       2%          2
z - Shock                 Conj/Air       84%        1d8       1%          1

Your spell library contained the following spells:

 Spells                   Type           Power      Damage    Failure   Level
 Animate Skeleton         Necr           40%        N/A       1%          1
 Beastly Appendage        Tmut           40%        N/A       1%          1
 Pain                     Necr           80%        1d8       1%          1
 Corpse Rot               Necr/Air       40%        N/A       2%          2
 Conjure Flame            Conj/Fire      21%        6-21      4%          3
 Dazzling Flash           Conj/Hex       42%        N/A       4%          3
 Ignite Poison            Fire/Tmut/Pois 20%        N/A       5%          3
 Summon Guardian Golem    Hex/Summ       20%        N/A       5%          3
 Tukima's Dance           Hex            20%        N/A       5%          3
 Vampiric Draining        Necr           20%        2d7       5%          3
 Sticky Flame             Conj/Fire      21%        2d4       16%         4
 Manifold Assault         Tloc           20%        N/A       45%         5
 Storm Form               Tmut/Air       10%        N/A       100%        7

Inventory:

Hand Weapons
 u - a +3 hand axe of draining (weapon)
 B - a +2 great sword
Armour
 j - a +0 helmet (worn)
 v - a +0 robe (worn)
 y - a scarf of invisibility (worn)
Magical Staves
 x - a staff of air
Jewellery
 q - a +6 ring of strength (left hand)
 s - an amulet of faith
Wands
 p - a wand of acid (7)
Scrolls
 d - 2 scrolls of fog {unknown}
 h - 3 scrolls of fear {unknown}
 i - a scroll of magic mapping {unknown}
 k - 3 scrolls of teleportation {unknown}
 l - a scroll of noise {unknown}
 m - 2 scrolls of amnesia {unknown}
 n - 4 scrolls of immolation {unknown}
 o - 3 scrolls of silence {unknown}
 r - 7 scrolls of identify {unknown}
 w - a scroll of torment {unknown}
 C - a scroll of vulnerability {unknown}
Potions
 a - a potion of heal wounds {@q2}
 b - 2 potions of ambrosia {unknown}
 e - 5 potions of curing {@q1}
 f - a potion of haste {unknown}
 g - 3 potions of berserk rage {unknown}
 t - a potion of cancellation {unknown}
 z - 3 potions of flight {unknown}
 A - 2 potions of attraction {unknown}
Miscellaneous
 c - a piece from Xom's chessboard (15/15)

Dungeon Overview and Level Annotations

Branches:
Dungeon (7/15)             Temple (1/1) D:4

Altars:
Ashenzari
Cheibriados
Dithmenos
Elyvilon
Fedhas
Gozag
Hepliaklqana
Kikubaaqudgha
Makhleb
Nemelex Xobeh
Okawaru
Qazlal
Ru
Sif Muna
Trog
Uskayaw
Vehumet
Wu Jian
Xom
Yredelemnul
Zin
The Shining One

Shops:
D:1

( ▒.▒ ▒▒▒▒.▒ ∆
..▒.▒ ▒ ▒.▒.▒ ..▒
▒.▒.▒▒▒▒▒.....
▒.............
▒.▒.▒▒▒▒▒..... ▒(
▒▒▒▒▒▒▒▒.▒Z▒ ...▒
▒.▒▒.)))))..g.▒ ▒.▒
▒.▒...▒▒▒▒▒.▒▒▒ ▒.▒
▒......▒▒▒▒.▒ ...
▒...........▒ ▒.▒
▒▒.....▒▒▒▒.▒ ▒.▒
▒▒..)▒▒
▒.▒▒▒▒▒▒▒▒▒▒▒.▒▒▒▒▒
▒▒.▒▒▒
▒..................
▒...▒
▒▒▒▒▒▒▒▒▒▒▒▒▒.▒▒▒▒▒
▒▒▒.▒ ▒....▒


You could see a centaur warrior zombie.


Message History

The zap hits the centaur warrior zombie.
The centaur warrior zombie is severely damaged.
The centaur warrior zombie hits you but does no damage.
The centaur warrior zombie barely misses you.
Aiming: Shock (safe; 1% risk of failure)
The zap hits the centaur warrior zombie.
The centaur warrior zombie is severely damaged.
The zap hits the centaur warrior zombie.
The centaur warrior zombie is severely damaged.
The centaur warrior zombie hits you!
* * * LOW HITPOINT WARNING * * *
The centaur warrior zombie barely misses you.
The centaur warrior zombie hits you!
* * * LOW HITPOINT WARNING * * *
The centaur warrior zombie closely misses you.
Aiming: Shock (safe; 1% risk of failure)
The zap hits the centaur warrior zombie.
The centaur warrior zombie is almost destroyed.
The zap hits the centaur warrior zombie.
The centaur warrior zombie is almost destroyed.
The centaur warrior zombie hits you!
* * * LOW HITPOINT WARNING * * *
The centaur warrior zombie kicks you but does no damage.
Aiming: Shock (safe; 1% risk of failure)
The zap hits the centaur warrior zombie.
The centaur warrior zombie is almost destroyed.
The zap hits the centaur warrior zombie.
The centaur warrior zombie is almost destroyed.
The centaur warrior zombie hits you.
You die...

Action                   |  1- 3 |  4- 6 |  7- 9 || total
-------------------------+-------+-------+-------++-------
Melee: Club              |     1 |       |       ||     1
       Hand axe          |       |       |    57 ||    57
       Bite              |       |       |     8 ||     8
       Punch             |       |       |     1 ||     1
 Cast: Shock             |    66 |   173 |   209 ||   448
Evoke: Piece from Xom's  |     4 |       |       ||     4
  Use: Potion            |       |       |     2 ||     2
Armor: Leather armour    |     6 |     9 |     3 ||    18
       Robe              |       |       |    29 ||    29
Dodge: Dodged            |     9 |    29 |   114 ||   152

Levels and vault maps discovered:
D:1:      dpeg_arrival_renting, layout_rooms, serial_shops,
          nicolae_shop_bloodbath_and_beyond
D:2:      wander_river, layout_rooms, ebering_ecumenical_altar_abandoned,
          serial_corexii_hall, chequers_hall_statues_y, corexii_hall_statues_x,
          corexii_hall_statues_u, chequers_hall_statues_y, uniq_jessica,
          uniq_robin, uniq_natasha
D:3:      layout_loops_cross
D:4:      cheibrodos_pilgrimage, layout_basic,
          minmay_temple_entry_statues_fountains, minmay_joined_circles
D:5:      layout_cave_pools, uniq_duvessa, uniq_sigmund
D:6:      layout_rooms, grunt_gozag_statues
D:7:      layout_loops_ring, kennysheep_nondescript, uniq_joseph
Temple:   minmay_crystal_snake_temple

Notes
Turn   | Place    | Note
-------+----------+-------------------------------------------
     0 | D:1      | Reached skill level 11 in Spellcasting
     0 | D:1      | sanka the Gnoll Wanderer began the quest for the Orb.
     0 | D:1      | sanka set off with the following items: a +0 club, a +0
                  | leather armour, a piece from Xom's chessboard (15/15); and
                  | the following spells available to memorise: Shock, Beastly
                  | Appendage, Corpse Rot, Dazzling Flash, Summon Guardian
                  | Golem, Tukima's Dance
     0 | D:1      | Reached XP level 1. HP: 13/13 MP: 12/12
     2 | D:1      | Learned a level 1 spell: Shock
    82 | D:1      | Reached skill level 2 in Conjurations
    84 | D:1      | Reached XP level 2. HP: 19/19 MP: 7/14
   238 | D:1      | Found Usach's Weapon Shop.
   442 | D:1      | Reached XP level 3. HP: 25/25 MP: 8/15
   974 | D:2      | Noticed Natasha
   987 | D:2      | Killed Natasha
   988 | D:2      | Reached skill level 1 in Fighting
   988 | D:2      | Reached skill level 1 in Short Blades
   988 | D:2      | Reached skill level 1 in Long Blades
   988 | D:2      | Reached skill level 1 in Axes
   988 | D:2      | Reached skill level 1 in Maces & Flails
   988 | D:2      | Reached skill level 1 in Polearms
   988 | D:2      | Reached skill level 1 in Staves
   988 | D:2      | Reached skill level 1 in Slings
   988 | D:2      | Reached skill level 1 in Bows
   988 | D:2      | Reached skill level 1 in Crossbows
   988 | D:2      | Reached skill level 1 in Throwing
   988 | D:2      | Reached skill level 1 in Armour
   988 | D:2      | Reached skill level 1 in Dodging
   988 | D:2      | Reached skill level 1 in Stealth
   988 | D:2      | Reached skill level 1 in Shields
   988 | D:2      | Reached skill level 1 in Unarmed Combat
   988 | D:2      | Reached XP level 4. HP: 24/32 MP: 10/17
  1283 | D:2      | Noticed Robin
  1291 | D:2      | Killed Robin
  1292 | D:2      | Reached skill level 1 in Hexes
  1292 | D:2      | Reached skill level 1 in Summonings
  1292 | D:2      | Reached skill level 1 in Necromancy
  1292 | D:2      | Reached skill level 1 in Translocations
  1292 | D:2      | Reached skill level 1 in Transmutations
  1292 | D:2      | Reached skill level 1 in Fire Magic
  1292 | D:2      | Reached skill level 1 in Ice Magic
  1292 | D:2      | Reached skill level 1 in Air Magic
  1292 | D:2      | Reached skill level 1 in Earth Magic
  1292 | D:2      | Reached skill level 1 in Poison Magic
  1387 | D:2      | Found a faded altar of an unknown god.
  1478 | D:2      | Noticed Natasha
  1483 | D:2      | Killed Natasha
  1484 | D:2      | Reached skill level 3 in Invocations
  1484 | D:2      | Reached XP level 5. HP: 37/37 MP: 12/18
  1579 | D:2      | Noticed Natasha
  1590 | D:2      | Killed Natasha
  1684 | D:2      | Noticed Jessica
  1695 | D:2      | Killed Jessica
  2343 | D:3      | Reached XP level 6. HP: 44/44 MP: 15/20
  2970 | D:3      | Learned a level 2 spell: Blink
  3003 | D:4      | Found a staircase to the Ecumenical Temple.
  3050 | D:4      | Reached skill level 2 in Fighting
  3050 | D:4      | Reached skill level 2 in Short Blades
  3050 | D:4      | Reached skill level 2 in Long Blades
  3050 | D:4      | Reached skill level 2 in Axes
  3050 | D:4      | Reached skill level 2 in Maces & Flails
  3050 | D:4      | Reached skill level 2 in Polearms
  3050 | D:4      | Reached skill level 2 in Staves
  3050 | D:4      | Reached skill level 2 in Slings
  3050 | D:4      | Reached skill level 2 in Bows
  3050 | D:4      | Reached skill level 2 in Crossbows
  3050 | D:4      | Reached skill level 2 in Throwing
  3050 | D:4      | Reached skill level 2 in Armour
  3050 | D:4      | Reached skill level 2 in Dodging
  3050 | D:4      | Reached skill level 2 in Stealth
  3050 | D:4      | Reached skill level 2 in Shields
  3050 | D:4      | Reached skill level 2 in Unarmed Combat
  3050 | D:4      | Reached skill level 5 in Evocations
  3075 | Temple   | Entered the Ecumenical Temple
  3269 | Temple   | Became a worshipper of Ashenzari the Shackled
  3780 | D:4      | Reached XP level 7. HP: 48/50 MP: 14/22
  4273 | D:4      | Reached skill level 3 in Conjurations
  4273 | D:4      | Reached skill level 2 in Hexes
  4273 | D:4      | Reached skill level 2 in Summonings
  4273 | D:4      | Reached skill level 2 in Necromancy
  4273 | D:4      | Reached skill level 2 in Translocations
  4273 | D:4      | Reached skill level 2 in Transmutations
  4273 | D:4      | Reached skill level 2 in Fire Magic
  4273 | D:4      | Reached skill level 2 in Ice Magic
  4273 | D:4      | Reached skill level 2 in Air Magic
  4273 | D:4      | Reached skill level 2 in Earth Magic
  4273 | D:4      | Reached skill level 2 in Poison Magic
  4444 | D:4      | Reached skill level 4 in Invocations
  5045 | D:5      | Entered Level 5 of the Dungeon
  5045 | D:5      | Noticed Sigmund
  5389 | D:5      | Reached XP level 8. HP: 44/57 MP: 18/23
  5567 | D:5      | Killed Sigmund
  5568 | D:5      | Reached skill level 3 in Fighting
  5568 | D:5      | Reached skill level 3 in Short Blades
  5568 | D:5      | Reached skill level 3 in Long Blades
  5568 | D:5      | Reached skill level 3 in Axes
  5568 | D:5      | Reached skill level 3 in Maces & Flails
  5568 | D:5      | Reached skill level 3 in Polearms
  5568 | D:5      | Reached skill level 3 in Staves
  5568 | D:5      | Reached skill level 3 in Slings
  5568 | D:5      | Reached skill level 3 in Bows
  5568 | D:5      | Reached skill level 3 in Crossbows
  5568 | D:5      | Reached skill level 3 in Throwing
  5568 | D:5      | Reached skill level 3 in Armour
  5568 | D:5      | Reached skill level 3 in Dodging
  5568 | D:5      | Reached skill level 3 in Stealth
  5568 | D:5      | Reached skill level 3 in Shields
  5568 | D:5      | Reached skill level 3 in Unarmed Combat
  6320 | D:5      | Noticed Duvessa
  6320 | D:5      | Noticed Dowan
  6335 | D:5      | Killed Dowan
  6343 | D:5      | Killed Duvessa
  6980 | D:5      | Reached skill level 3 in Hexes
  6980 | D:5      | Reached skill level 3 in Summonings
  6980 | D:5      | Reached skill level 3 in Necromancy
  6980 | D:5      | Reached skill level 3 in Translocations
  6980 | D:5      | Reached skill level 3 in Transmutations
  6980 | D:5      | Reached skill level 3 in Fire Magic
  6980 | D:5      | Reached skill level 3 in Ice Magic
  6980 | D:5      | Reached skill level 3 in Air Magic
  6980 | D:5      | Reached skill level 3 in Earth Magic
  6980 | D:5      | Reached skill level 3 in Poison Magic
  7535 | D:5      | Reached skill level 6 in Evocations
  7661 | D:6      | Reached XP level 9. HP: 59/65 MP: 24/24
  7670 | D:6      | Reached skill level 5 in Invocations
  7854 | D:6      | Identified the +2 robe of Qasoagg {Harm *Slow rC+ Dex+3}
  7924 | D:6      | Found an opulent altar of Gozag.
  8096 | D:7      | Reached skill level 12 in Spellcasting
  8180 | D:7      | Reached skill level 4 in Fighting
  8180 | D:7      | Reached skill level 4 in Short Blades
  8180 | D:7      | Reached skill level 4 in Long Blades
  8180 | D:7      | Reached skill level 4 in Axes
  8180 | D:7      | Reached skill level 4 in Maces & Flails
  8180 | D:7      | Reached skill level 4 in Polearms
  8180 | D:7      | Reached skill level 4 in Staves
  8180 | D:7      | Reached skill level 4 in Slings
  8180 | D:7      | Reached skill level 4 in Bows
  8180 | D:7      | Reached skill level 4 in Crossbows
  8180 | D:7      | Reached skill level 4 in Throwing
  8180 | D:7      | Reached skill level 4 in Armour
  8180 | D:7      | Reached skill level 4 in Dodging
  8180 | D:7      | Reached skill level 4 in Stealth
  8180 | D:7      | Reached skill level 4 in Shields
  8180 | D:7      | Reached skill level 4 in Unarmed Combat
  8180 | D:7      | Reached skill level 4 in Conjurations
  8303 | D:7      | HP: 3/65 [centaur warrior zombie (9)]
  8306 | D:7      | Slain by a centaur warrior zombie

Vanquished Creatures
  Sigmund (D:5)
  A wyvern (D:7)
  Duvessa (D:5)
  2 ice beasts
  A necrophage (D:4)
  2 kobold brigands
  A scorpion (D:4)
  Dowan (D:5)
  A water moccasin skeleton (D:4)
  3 wights (D:7)
  2 jellies
  4 orc priests
  4 hounds
  6 iguanas (D:4)
  Jessica (D:2)
  Natasha (thrice) (D:2)
  3 orc wizards
  A scorpion zombie (D:5)
  A killer bee zombie (D:6)
  2 hound skeletons
  A hound zombie (D:5)
  Robin (D:2)
  5 adders
  A shadow imp (D:5)
  2 white imps
  2 worms
  2 dart slugs
  24 orcs
  8 endoplasms
  2 giant cockroaches
  15 hobgoblins
  14 kobolds
  2 quokkas
  10 ball pythons
  3 bats
  3 frilled lizards
  11 goblins
  2 rats (D:1)
149 creatures vanquished.
